 Dungeon Crawl Stone Soup version 0.29.1-15-g9cfb28693d (webtiles) character file.

Game seed: 10348596874977818085

136 nightchill the Chopper (level 5, 0/47 HPs)
             Began as a Hill Orc Fighter on Apr 6, 2023.
             Slain by a gnoll
             ... wielding a +0 spear
             ... led by a gnoll sergeant
              (2 damage)
             ... on level 3 of the Dungeon.
             The game lasted 00:05:54 (2985 turns).

nightchill the Chopper (Hill Orc Fighter)           Turns: 2985, Time: 00:05:55

Health: 0/47       AC:  6    Str: 21    XL:     5   Next: 19%
Magic:  5/5        EV:  9    Int:  8    God:
Gold:   223        SH:  0    Dex: 10    Spells: 4/4 levels left

rFire   . . .      SeeInvis .   a - +0 war axe
rCold   + . .      Faith    .   (no shield)
rNeg    . . .      Spirit   .   b - +0 scale mail
rPois   .          Reflect  .   (no helmet)
rElec   .          Harm     .   (no cloak)
rCorr   .          Rampage  .   (no gloves)
Will    .....                   (no boots)
Stlth   ..........              (no amulet)
HPRegen 0.15/turn               f - ring of protection from cold
MPRegen 0.09/turn               (no ring)

@: no status effects
A: no striking features
a: no special abilities


You were on level 3 of the Dungeon.
You visited 1 branch of the dungeon, and saw 4 of its levels.

You collected 223 gold pieces.

Inventory:

Hand Weapons
 a - a +0 war axe (weapon)
Missiles
 i - 2 throwing nets (quivered)
Armour
 b - a +0 scale mail (worn)
 c - a +0 buckler
 e - an orb of wrath
Jewellery
 f - a ring of protection from cold (left hand)
Wands
 l - a wand of polymorph (9)
 n - a wand of mindburst (12)
Scrolls
 o - a scroll of immolation {unknown}
 r - a scroll of enchant armour {unknown}
 t - a scroll of fog {unknown}
 u - a scroll of enchant weapon {unknown}
 v - a scroll of poison {unknown}
Potions
 d - a potion of might
 g - 2 potions of curing {unknown}
 h - a potion of heal wounds {unknown}
 j - a potion of ambrosia {unknown}
 k - a potion of resistance {unknown}
 m - 2 potions of attraction {unknown}
 p - a potion of flight {unknown}
 q - 2 potions of lignification {unknown}
 s - a potion of cancellation {unknown}


   Skills:
 + Level 4.9 Fighting
 * Level 5.9 Axes
 - Level 3.2 Armour
 - Level 3.2 Shields


You had 4 spell levels left.
You didn't know any spells.
Your spell library contained the following spells:

 Spells                   Type           Power      Damage    Failure   Level
 Sting                    Tmut/Pois      0%         1d3       75%         1
 Blink                    Tloc           0%         N/A       87%         2
 Poisonous Vapours        Pois/Air       0%         N/A       87%         2
 Lesser Beckoning         Tloc           0%         N/A       98%         3
 Ozocubu's Armour         Ice            0%         N/A       98%         3
 Olgreb's Toxic Radiance  Pois           0%         N/A       100%        4
 Manifold Assault         Tloc           0%         N/A       100%        5
 Metabolic Englaciation   Hex/Ice        0%         N/A       100%        5
 Simulacrum               Ice/Necr       0%         N/A       100%        6


Dungeon Overview and Level Annotations

Branches:
Dungeon (4/15)
 Temple: D:4-7

Altars:
Ru

Shops:
D:2 [

Annotations:
D:4 Eustachio


Message History

The howler monkey hits you but does no damage.
A gnoll comes into view. It is wielding a +0 club.
The gnoll sergeant hits you from afar with a +0 vorpal spear.
Eustachio mumbles some strange words.
Eustachio blinks!
The howler monkey hoots and howls with incredible vigour!
The gnoll sergeant hits you from afar with a +0 vorpal spear.
Eustachio hits you with a +0 rapier.
* * * LOW HITPOINT WARNING * * *
The gnoll hits you from afar with a +0 spear.
* * * LOW HITPOINT WARNING * * *
You hear a bark! x2
You hit Eustachio.
Eustachio is lightly wounded.
The gnoll sergeant closely misses you.
Eustachio gestures wildly while chanting.
Eustachio blinks!
The gnoll hits you from afar with a +0 spear!
* * * LOW HITPOINT WARNING * * *
The gnoll hits you from afar with a +0 spear.
* * * LOW HITPOINT WARNING * * *
Something hits you but does no damage. The gnoll sergeant closely misses you.
The gnoll hits you but does no damage. The gnoll closely misses you.
The howler monkey barely misses you.
There is a stone staircase leading up here.
The howler monkey completely misses you.
The gnoll sergeant closely misses you.
Eustachio mumbles some strange words.
Eustachio blinks!
The gnoll hits you with a +0 spear.
* * * LOW HITPOINT WARNING * * *
The gnoll hits you but does no damage.
You climb upwards.
Reactivating autopickup.
There is a stone staircase leading down here.
You barely miss the howler monkey.
The howler monkey is heavily wounded.
You hit the gnoll but do no damage. The howler monkey hits you.
* * * LOW HITPOINT WARNING * * *
The gnoll hits you with a +0 spear.
You die...

.#####.##.# ####.....##.#
.# #.##.#######.....##<# .#
#.##.......†.....##.# ##
#..######.##.....##.# ##.#
#.##..>..##.# #######.#
#.####.####.# #.....#.#
#...##.# #.# #.....#.#
###h##.# #.# ......#.#
#####@##.####.## #.....#.#
#.....g........#
#.....#.####.###.########.#
###)###......##...# #.# #.#
######..≈.≈.# #.# ##.##
#.≈.≈.≈# #.# ##...##
###...## ###.# #.###.##
#.≈.# #...# .## ##.## #...#
#.###


You could see a howler monkey and a gnoll.

Vanquished Creatures
  5 adders
  3 worms (D:2)
  7 orcs
  10 ball pythons
  3 endoplasms
  3 giant cockroaches
  6 goblins
  5 hobgoblins
  7 kobolds
  6 quokkas
  7 bats
  3 frilled lizards
  11 rats
76 creatures vanquished.

Notes
Turn   | Place    | Note
-------+----------+-------------------------------------------
     0 | D:1      | nightchill the Hill Orc Fighter began the quest for the
                  | Orb.
     0 | D:1      | Reached XP level 1. HP: 19/19 MP: 1/1
    23 | D:1      | Reached skill level 3 in Axes
   306 | D:1      | Reached XP level 2. HP: 25/27 MP: 2/2
   636 | D:1      | Reached skill level 4 in Axes
   714 | D:1      | Reached XP level 3. HP: 31/33 MP: 3/3
  1492 | D:2      | Reached XP level 4. HP: 41/41 MP: 4/4
  1562 | D:2      | Reached skill level 5 in Axes
  1625 | D:2      | Found Xulovo's Armour Boutique.
  1633 | D:2      | Noticed an eye of devastation
  1693 | D:2      | Noticed a golden eye
  1696 | D:2      | Found a faded altar of an unknown god.
  1710 | D:2      | Noticed an eye of devastation
  1712 | D:2      | Noticed a great orb of eyes
  2298 | D:3      | Found a sacrificial altar of Ru.
  2317 | D:3      | Reached XP level 5. HP: 47/47 MP: 5/5
  2969 | D:4      | Noticed Eustachio
  2985 | D:3      | HP: 2/47 [howler monkey (6)]
  2985 | D:3      | Slain by a gnoll

Illustrated notes

Levels and vault maps discovered:
D:1:      grunt_arrival_lava_bath, layout_basic, minmay_pentomino_s2
D:2:      layout_basic, serial_shops, shop,
          hellmonk_ecumenical_altar_watching_god, minmay_rat_gold_closets
D:3:      layout_loops_ring, nicolae_ru_path_of_blood
D:4:      layout_cave_pools, kennysheep_mini_moat, lightli_minifort,
          uniq_eustachio, uniq_pikel, uniq_duvessa

Skill      XL: |  1  2  3  4 |
---------------+-------------+-----
Axes           | 3 4 5 |  5.9
Fighting       | 4 |  4.9
Armour         | |  3.2
Shields        | |  3.2

Action                   |  1- 3 |  4- 6 || total
-------------------------+-------+-------++-------
Melee: War axe           |   102 |   111 ||   213
       Punch             |     1 |       ||     1
Armor: Scale mail        |    53 |    63 ||   116
Dodge: Dodged            |    43 |    67 ||   110
Block: Buckler           |     4 |       ||     4
